 Dungeon Crawl Stone Soup version 0.30-a0-1116-gebefce21f7 (webtiles) character file.

Game seed: 1683764157605485498

1111 Twinkles the Conjurer (level 8, 0/52 HPs)
             Began as a Human Conjurer on Apr 22, 2023.
             Slain by an ice beast (13 damage)
             ... on level 6 of the Dungeon.
             The game lasted 00:22:07 (7066 turns).

Twinkles the Conjurer (Human Conjurer)              Turns: 7066, Time: 00:22:07

Health: 0/52       AC:  2    Str:  7    XL:     8   Next: 59%
Magic:  7/15       EV: 13    Int: 21    God:
Gold:   226        SH:  0    Dex: 12    Spells: 13/16 levels left

rFire   . . .      SeeInvis .    b - +0 quarterstaff
rCold   . . .      Faith    .    (shield currently unavailable)
rNeg    + . .      Spirit   .    a - +0 robe
rPois   .          Reflect  .    (no helmet)
rElec   .          Rampage  .    (no cloak)
rCorr   +                        (no gloves)
Will    .....                    (no boots)
Stlth   +++                      (no amulet)
HPRegen 0.28/turn                s - ring of positive energy
MPRegen 0.14/turn                y - ring of resist corrosion

@: no status effects
A: no striking features
a: no special abilities


You were on level 6 of the Dungeon.
You visited 2 branches of the dungeon, and saw 7 of its levels.
You also visited: Sewer.

You collected 279 gold pieces.
You spent 53 gold pieces at shops.

Inventory:

Hand Weapons
 b - a +0 quarterstaff (weapon)
 c - a +0 dagger of protection
 e - a +0 rapier
 r - a +2 dagger of speed
Missiles
 d - 12 poisoned darts
 n - 2 throwing nets
Armour
 a - a +0 robe (worn)
Magical Staves
 g - a staff of poison
Jewellery
 h - a ring of ice
 l - an amulet of faith
 s - a ring of positive energy (left hand)
 y - a ring of resist corrosion (right hand)
Wands
 j - a wand of polymorph (4)
 q - a wand of flame (22)
Scrolls
 f - 3 scrolls of noise
 i - a scroll of torment
 o - 2 scrolls of poison
 p - 2 scrolls of enchant armour
 x - a scroll of amnesia {unknown}
 A - a scroll of fear {unknown}
 F - 2 scrolls of fog
 K - 3 scrolls of immolation
 S - a scroll of summoning
 Y - 2 scrolls of teleportation
Potions
 B - 2 potions of brilliance
 H - 4 potions of haste
 I - 2 potions of invisibility
 J - 5 potions of curing
 L - a potion of flight
 M - a potion of might
 N - 3 potions of heal wounds
 P - a potion of lignification
 Q - a potion of magic
 R - a potion of resistance
 U - a potion of mutation


   Skills:
 + Level 5.3 Dodging
 - Level 5.0 Stealth
 + Level 4.8 Spellcasting
 + Level 6.3 Conjurations


You had 13 spell levels left.
You knew the following spells:

 Your Spells              Type           Power      Damage    Failure   Level
a - Magic Dart            Conj           100%       1d8       1%          1
b - Searing Ray           Conj           62%        2d6       1%          2

Your spell library contained the following spells:

 Spells                   Type           Power      Damage    Failure   Level
 Dazzling Flash           Conj/Hex       36%        N/A       9%          3
 Fulminant Prism          Conj/Hex       9%         3d7       30%         4
 Iskenderun's Mystic Bla  Conj/Tloc      18%        2d6       30%         4
 Leda's Liquefaction      Hex/Erth       2%         N/A       73%         4
 Summon Ice Beast         Ice/Summ       5%         N/A       73%         4
 Ozocubu's Refrigeration  Ice            2%         4d8       100%        7


Dungeon Overview and Level Annotations

Branches:
Dungeon (6/15) Zot: 26758  Temple (1/1) D:4 Zot: 5835   Sewer (visited)

Altars:
Cheibriados
Elyvilon
Hepliaklqana
Kikubaaqudgha
Makhleb
Nemelex Xobeh
Okawaru
Ru
Sif Muna
Trog
Uskayaw
Zin
The Shining One

Shops:
D:4 (?!


Message History

Unknown command.
As you read the scroll of identify, it crumbles to dust.
i - a scroll of torment You now have 219 gold pieces (gained 9).
You now have 226 gold pieces (gained 7).
f - 3 scrolls of noise (gained 1)
An ice beast comes into view.
Casting: Searing Ray (safe; 1% risk of failure)
Confirm with . or Enter, or press ? or * to list all spells.
Aiming: Searing Ray (safe; 1% risk of failure)
Press: ? - help, Shift-Dir - straight line, f - ice beast
Aim: an ice beast (79% to hit)
The searing ray hits the ice beast.
The ice beast is lightly wounded. (Press . to maintain the ray.)
The searing ray hits the ice beast but does no damage.
The ice beast is lightly wounded.
The searing ray hits the ice beast!
The ice beast is heavily wounded.
The searing ray hits the ice beast.
The ice beast is severely wounded.
You finish channelling your searing ray.
The ice beast hits you. The ice beast freezes you!
Casting: Searing Ray (safe; 1% risk of failure)
Confirm with . or Enter, or press ? or * to list all spells.
Aiming: Searing Ray (safe; 1% risk of failure)
Press: ? - help, Shift-Dir - straight line, f/p - ice beast
Aim: an ice beast (severely wounded, 79% to hit)
The searing ray hits the ice beast.
The ice beast is almost dead. (Press . to maintain the ray.)
The ice beast hits you. The ice beast freezes you!
The searing ray misses the ice beast.
The ice beast hits you. The ice beast freezes you.
The searing ray hits the ice beast.
The ice beast is almost dead.
The ice beast hits you.
* * * LOW HITPOINT WARNING * * *
The ice beast freezes you!
You die...

##....###....###+#
......###......# #
...............#
..####.........#
######.........#
#................
#................
#................
#@......###......
#Y...............
.................
.................
...........#####
............
.............
..............


You could see an ice beast.

Vanquished Creatures
  A wyvern (D:5)
  An ice beast (D:5)
  A kobold brigand (Sewer)
  A phantom (D:5)
  A bullfrog (D:6)
  2 scorpions
  2 hounds
  2 orc priests (D:5)
  2 jellies (D:5)
  A gnoll bouda (D:5)
  An iguana (D:2)
  An orc wizard (D:5)
  5 gnolls
  7 adders
  7 river rats
  A shadow imp (D:4)
  A white imp (D:4)
  2 ufetubi
  A worm (D:5)
  3 orcs
  3 bats
  5 endoplasms
  A giant cockroach (D:1)
  3 goblins
  5 hobgoblins
  17 kobolds
  A quokka (D:1)
  12 ball pythons
  3 frilled lizards
  24 rats
117 creatures vanquished.

Notes
Turn   | Place    | Note
-------+----------+-------------------------------------------
     0 | D:1      | Twinkles the Human Conjurer began the quest for the Orb.
     0 | D:1      | Reached XP level 1. HP: 13/13 MP: 3/3
   386 | D:1      | Reached XP level 2. HP: 19/19 MP: 0/5
   445 | D:1      | Learned a level 2 spell: Searing Ray
   901 | D:2      | Reached XP level 3. HP: 22/24 MP: 3/6
  1184 | D:2      | Found a faded altar of an unknown god.
  1244 | D:2      | Reached XP level 4. HP: 17/30 MP: 0/7
  2530 | D:4      | Found a staircase to the Ecumenical Temple.
  2531 | D:4      | Got the Elucidation of Frostbitten Bad Luck
  2540 | Temple   | Entered the Ecumenical Temple
  2819 | D:4      | Found Qoduwastui's Distillery.
  2824 | D:4      | Found Uhick's Weapon Emporium.
  2834 | D:4      | Bought a potion of curing for 33 gold pieces
  2859 | D:4      | Found Nug Ywn's Magic Scroll Shoppe.
  2863 | D:4      | Bought a scroll of identify for 20 gold pieces
  2893 | D:4      | Reached XP level 5. HP: 30/35 MP: 3/9
  3452 | D:5      | Entered Level 5 of the Dungeon
  3453 | D:5      | Noticed a wyvern
  3555 | D:4      | HP: 10/35 [shadow imp/nerve-wracking pain (5)]
  3740 | D:5      | Found a glowing drain.
  3786 | Sewer    | Entered a sewer
  3842 | Sewer    | Reached XP level 6. HP: 41/41 MP: 8/10
  4055 | Sewer    | HP: 11/41 [kobold brigand/+0 short sword (4)]
  4289 | Sewer    | Reached skill level 5 in Conjurations
  4743 | Sewer    | Reached XP level 7. HP: 46/46 MP: 10/12
  5440 | D:5      | Killed a wyvern
  5447 | D:5      | HP: 13/46 [orc priest/+0 long sword (3)]
  5449 | D:5      | HP: 6/46 [orc priest/nerve-wracking pain (2)]
  5451 | D:5      | HP: 2/46 [orc priest/+0 long sword (5)]
  5749 | D:5      | HP: 13/46 [scorpion (7)]
  5750 | D:5      | HP: 6/46 [scorpion (1)]
  5752 | D:5      | Reached XP level 8. HP: 6/52 MP: 1/14
  6173 | D:5      | Reached skill level 5 in Stealth
  6573 | D:5      | Reached skill level 6 in Conjurations
  6591 | D:5      | Reached skill level 5 in Dodging
  7066 | D:6      | HP: 13/52 [ice beast (4)]
  7066 | D:6      | Slain by an ice beast

Illustrated notes

Levels and vault maps discovered:
D:1:      lemuel_arrival_hallway, layout_basic
D:2:      layout_loops_ring, hellmonk_ecumenical_altar_slurped_away,
          chequers_serial_rivers_micro_d, minmay_tetromino_l4
D:3:      layout_rooms
D:4:      layout_loops_ring, temple_hall, serial_shops, shop, shop,
          nicolae_shop_behind_doors
D:5:      layout_loops_ring, cheibrodos_sewer_entry_sluice
D:6:      layout_basic, uniq_grinder
Temple:   hellmonk_temple_forest_ring

Skill      XL: |  1  2  3  4  5  6  7  8 |
---------------+-------------------------+-----
Dodging        | 3 4 5 |  5.3
Stealth        | 3 4 5 |  5.0
Spellcasting   | 3 4 |  4.8
Conjurations   | 5 6 |  6.3

Action                     |  1- 3 |  4- 6 |  7- 9 || total
---------------------------+-------+-------+-------++-------
  Melee: Quarterstaff      |    14 |    16 |    14 ||    44
         Dagger            |       |    11 |       ||    11
   Cast: Magic Dart        |    18 |    49 |    19 ||    86
         Searing Ray       |    12 |    33 |    26 ||    71
    Use: Scroll            |       |     9 |     8 ||    17
   Stab: Sleeping          |     2 |       |       ||     2
 Armour: Robe              |     1 |     5 |     3 ||     9
  Dodge: Dodged            |    13 |    34 |    27 ||    74

Table legend: (Time is in decaauts)
 A = Elapsed time spent in this place.
 B = Non-inter-level travel time spent in this place.
 C = Inter-level travel time spent in this place.
 D = Time resting spent in this place.
 E = Time spent auto-exploring this place.
 F = Levels seen in this place.
 G = Mean time per level.
                   A        B        C        D        E       F      G
               +--------+--------+--------+--------+--------+-----+--------+
         Total |   7099 |   6911 |    188 |   1046 |   4741 |   8 |  887.4 |
       Dungeon |   5481 |   5310 |    171 |    687 |   3869 |   6 |  913.5 |
        Temple |    164 |    147 |     17 |      0 |    136 |   1 |  164.0 |
         Sewer |   1452 |   1452 |      0 |    359 |    736 |   1 | 1452.0 |
               +--------+--------+--------+--------+--------+-----+--------+

Top non-repeatable levels by time:
     D:5: 1695 daAuts
   Sewer: 1452 daAuts
     D:4: 1056 daAuts
     D:2: 992 daAuts
     D:1: 898 daAuts
     D:3: 598 daAuts
     D:6: 240 daAuts
  Temple: 164 daAuts
